Map: [ESL] Royal Blood

Players

Maru - Winner!

  • Race: Terran Terran
  • Spawn Location: 7:00

Spirit

  • Race: Terran Terran
  • Spawn Location: 1:00

Event: ESL SC2 Masters 2023 Summer (Finals)

VOD

Have the link to the VOD?

Description

Time

  • Played on: June 16, 2023, 7:18 a.m.
  • Length: 8:17

All games in this series

Show
View Real Time Build Order
Export as new Build Order

Maru Terran - Winner!

Build Orders:  

Get SALT Encoding   

  12  0:00  SCV  
  13  0:12  SCV  
  14  0:17  Supply Depot  
  14  0:24  SCV  
  15  0:38  SCV  
  15  0:40  Barracks  
  15  0:42  Refinery  
  16  0:50  SCV  
  16  0:52  Refinery  
  17  1:02  SCV  
  18  1:15  SCV  
  19  1:27  Orbital Command, Reaper  
  19  1:30  Supply Depot  
  20  1:43  Factory  
  20  1:52  SCV  
  21  1:59  Reaper  
  22  2:04  SCV  
  23  2:17  SCV  
  24  2:24  Command Center  
  24  2:28  Hellion  
  24  2:29  SCV  
  27  2:33  Barracks Reactor  
  27  2:41  SCV  
  27  2:43  Starport  
  28  2:48  Supply Depot  
  28  2:52  Factory Tech Lab  
  28  2:54  SCV  
  29  3:06  SCV  
  29  3:09  Marine x2  
  29  3:12  Siege Tank  
  35  3:19  Medivac  
  37  3:21  SCV  
  38  3:27  Marine  
  39  3:35  Orbital Command, Marine, SCV  
  41  3:44  Cyclone  
  41  3:47  SCV  
  45  3:51  Supply Depot  
  45  3:52  Starport Tech Lab  
  45  3:55  Marine x2  
  46  4:00  SCV  
  46  4:01  SCV  
  49  4:11  Raven  
  49  4:13  SCV x2  
  49  4:16  Marine  
  49  4:17  Marine  
  50  4:25  SCV x2  
  51  4:31  Command Center  
  51  4:37  SCV x2  
  53  4:44  Barracks  
  53  4:46  Raven  
  53  4:47  Barracks  
  53  4:48  Factory Reactor  
  53  4:52  SCV  
  56  4:54  SCV  
  56  4:57  Supply Depot  
  56  4:58  Marine  
  58  5:02  Refinery  
  58  5:03  Stimpack  
  58  5:04  SCV  
  58  5:06  SCV  
  60  5:16  Marine, SCV  
  60  5:18  SCV  
  62  5:26  Engineering Bay x2  
  62  5:28  SCV  
  63  5:30  SCV  
  63  5:33  Marine x3  
  67  5:38  Starport Reactor  
  67  5:40  SCV  
  67  5:41  Refinery  
  67  5:42  SCV  
  69  5:43  Marine x2, Supply Depot  
  71  5:51  Orbital Command, Marine  
  71  5:52  Marine x2, Siege Tank  
  71  5:55  SCV  
  78  6:00  Supply Depot  
  78  6:02  Terran Infantry Weapons Level 1  
  78  6:03  Terran Infantry Armor Level 1  
  78  6:06  Orbital Command  
  78  6:08  Marine x2  
  78  6:09  Marine, SCV  
  78  6:10  Marine  
  83  6:14  Marine  
  83  6:16  SCV  
  85  6:21  SCV, Supply Depot  
  85  6:24  Medivac x2  
  88  6:26  Marine x2  
  88  6:28  SCV  
  88  6:32  SCV  
  92  6:34  SCV  
  92  6:37  Barracks x2  
  92  6:39  Siege Tank  
  96  6:42  Combat Shield  
  96  6:44  Marine x2  
  96  6:46  SCV  
  100  6:47  SCV  
  100  6:49  SCV  
  98  6:58  SCV, Supply Depot  
  98  6:59  SCV, Marine x3  
  98  7:01  SCV  
  104  7:02  Marine  
  104  7:05  Medivac  
  104  7:06  Medivac  
  109  7:10  Supply Depot  
  109  7:14  Armory  
  109  7:15  Supply Depot  
  109  7:19  SCV, Supply Depot  
  109  7:22  Marine  
  110  7:23  Marine x2  
  112  7:37  Marine  
  112  7:42  Marine x3  
  112  7:43  Siege Tank  
  112  7:44  SCV  
  100  7:46  Orbital Command  
  100  7:49  Barracks Reactor x2  
  104  7:51  Marine  
  104  7:53  SCV  
  104  7:55  Marine  
  106  8:01  SCV  
  106  8:05  SCV  
Show
View Real Time Build Order
Export as new Build Order

Spirit Terran 

Build Orders:  

Get SALT Encoding   

  12  0:00  SCV  
  13  0:13  SCV  
  14  0:17  Supply Depot  
  14  0:25  SCV  
  15  0:38  SCV  
  15  0:40  Barracks  
  16  0:44  Refinery  
  16  0:51  SCV  
  16  0:54  Refinery  
  17  1:03  SCV  
  18  1:15  SCV  
  19  1:27  Orbital Command, Reaper  
  19  1:31  Supply Depot  
  20  1:44  Factory  
  20  1:53  SCV  
  21  1:59  Barracks Reactor  
  21  2:05  SCV  
  22  2:17  SCV  
  23  2:28  Command Center  
  23  2:29  SCV  
  26  2:30  Hellion  
  26  2:35  Reaper x2  
  28  2:41  SCV  
  29  2:45  Supply Depot  
  31  2:51  Hellion  
  31  2:57  Starport  
  31  3:07  SCV, Marine x2  
  31  3:12  Factory Tech Lab  
  34  3:19  SCV  
  35  3:25  Marine  
  35  3:26  Marine  
  37  3:31  SCV  
  37  3:33  Starport Tech Lab  
  38  3:40  Orbital Command, Cyclone, Refinery  
  41  3:43  SCV  
  43  3:52  Raven  
  46  3:57  Refinery  
  46  4:00  Supply Depot  
  46  4:03  SCV  
  46  4:06  SCV  
  46  4:12  Siege Tank  
  46  4:15  SCV  
  49  4:18  SCV  
  44  4:27  SCV  
  44  4:30  SCV  
  46  4:32  Raven, Marine  
  49  4:39  SCV  
  49  4:42  SCV  
  49  4:44  Siege Tank  
  54  4:48  Supply Depot  
  54  4:51  SCV  
  54  4:54  SCV  
  54  4:58  Marine x2  
  57  5:01  Supply Depot  
  57  5:03  SCV  
  57  5:06  SCV  
  59  5:11  Raven  
  61  5:15  SCV, Marine  
  61  5:16  Marine, Factory  
  61  5:20  Supply Depot  
  63  5:23  Supply Depot  
  63  5:25  Siege Tank  
  63  5:28  SCV  
  67  5:29  SCV  
  67  5:31  Supply Depot  
  67  5:35  Supply Depot  
  68  5:40  SCV  
  68  5:42  SCV  
  70  5:56  Viking x2  
  78  5:57  Siege Tank  
  77  6:07  Siege Tank  
  79  6:12  Command Center  
  79  6:26  Viking x2  
  79  6:29  Siege Tank  
  79  6:30  SCV x2  
  88  6:33  Supply Depot  
  91  6:40  Siege Tank  
  91  6:52  SCV  
  89  6:56  SCV, Viking x2  
  89  6:57  Supply Depot  
  89  7:01  Siege Tank  
  97  7:04  SCV  
  98  7:08  SCV  
  98  7:12  Siege Tank  
  98  7:13  Refinery  
  102  7:17  SCV, Refinery  
  102  7:20  SCV  
  102  7:26  Viking x2  
  102  7:29  SCV  
  107  7:42  Siege Tank  
  107  7:43  Marine  
  107  7:44  SCV  
  89  7:46  Orbital Command  
  89  7:54  SCV  
Tags
 
Add a new tag
Caveats
  • Supply blocks, unpowered buildings, or Contaminate may cause inaccurate times.
  • Supply counts are checked every 10 seconds.